 Dungeon Crawl Stone Soup version 0.19.5 (webtiles) character file.

71378 JeffiDaFish the Bludgeoner (level 15, -1/94 HPs)
             Began as a Gargoyle Fighter on Apr 18, 2017.
             Was the Champion of Okawaru.
             Slain by a wolf spider (8 damage)
             ... on level 6 of the Lair of Beasts.
             The game lasted 00:37:20 (19232 turns).

JeffiDaFish the Bludgeoner (Gargoyle Fighter)      Turns: 19232, Time: 00:37:21

Health: -1/94      AC: 40    Str: 21    XL:     15   Next: 36%
Magic:  16/16      EV:  8    Int: 11    God:    Okawaru [******]
Gold:   1214       SH: 14    Dex: 14    Spells: 0 memorised, 14 levels left

rFire  . . .     SeeInvis .     q - +4 morningstar (crush)
rCold  . . .     Gourm    .     C - +4 plate armour {rN+}
rNeg   + + .     Faith    .     c - +1 shield
rPois  ∞         Spirit   .     i - +2 helmet
rElec  +         Reflect  .     y - +2 cloak of Hairiness {rPois}
rCorr  +         Harm     .     h - +1 pair of gloves
MR     +....                    G - +0 pair of boots {run}
Stlth  ..........               w - amulet of rage
                                o - +2 ring of strength
                                g - ring of resist corrosion

@: quick
A: big wings, negative energy resistance 1, electricity resistance, unbreathing,
petrification resistance, rot immunity, AC +11
a: Fly, Heroism, Finesse, Renounce Religion, Evoke Berserk Rage


You were on level 6 of the Lair of Beasts.
You worshipped Okawaru.
Okawaru was exalted by your worship.
You were not hungry.

You visited 3 branches of the dungeon, and saw 20 of its levels.

You collected 1214 gold pieces.

Inventory:

Hand Weapons
 q - a +4 morningstar of crushing (weapon)
Armour
 c - a +1 shield (worn)
 h - a +1 pair of gloves (worn)
 i - a +2 helmet (worn)
 y - the +2 cloak of Hairiness (worn) {rPois}
   (Okawaru gifted it to you on level 12 of the Dungeon)

   It protects you from poison.
 C - a +4 plate armour of positive energy (worn)
 G - a +0 pair of boots of running (worn)
Jewellery
 g - a ring of resist corrosion (left hand)
 o - a +2 ring of strength (right hand)
 w - an amulet of rage (around neck)
Wands
 k - a wand of hasting (6/9)
Scrolls
 b - 12 scrolls of remove curse
 d - a scroll of holy word
 e - 4 scrolls of amnesia
 m - 4 scrolls of teleportation
 r - 6 scrolls of magic mapping
 s - 13 scrolls of identify
 A - a scroll of blinking
 D - 2 scrolls of fog
Potions
 a - 3 potions of magic
 l - a potion of berserk rage
 p - a potion of flight
 u - 8 potions of brilliance
 z - a potion of agility
 E - 3 potions of curing
 H - a potion of resistance
 I - a potion of might
 J - a potion of heal wounds
Books
 x - a book of Flames

   Spells                             Type                      Level
   a - Flame Tongue                   Conjuration/Fire             1
   b - Throw Flame                    Conjuration/Fire             2
   c - Conjure Flame                  Conjuration/Fire             3
   d - Inner Flame                    Hexes/Fire                   3
   e - Sticky Flame                   Conjuration/Fire             4
   f - Fireball                       Conjuration/Fire             5
 B - a Young Poisoner's Handbook

   Spells                             Type                      Level
   a - Sting                          Conjuration/Poison           1
   b - Mephitic Cloud                 Conjuration/Poison/Air       3
   c - Olgreb's Toxic Radiance        Poison                       4
   d - Alistair's Intoxication        Transmutation/Poison         5
   e - Venom Bolt                     Conjuration/Poison           5
Comestibles
 f - 13 bread rations
 j - 4 beef jerkies
 n - 4 fruits
 t - 4 meat rations
 v - a slice of pizza
 F - 11 chunks of flesh


   Skills:
 + Level 11.1 Fighting
 + Level 15.7 Maces & Flails
 + Level 10.8 Armour
 + Level 4.2 Dodging
 + Level 3.3 Stealth
 + Level 14.0 Shields
 + Level 2.0 Invocations
 + Level 1.5 Evocations


You had 14 spell levels left.
You didn't know any spells.

Dungeon Overview and Level Annotations

Branches:
Dungeon (13/15)            Temple (1/1) D:4            Lair (6/6) D:10
 Shoals (0/4) Lair:2       Spider (0/4) Lair:4        Slime (0/5) Lair:5
    Orc (0/2) D:11         Vaults (0/5) D:13

Altars:
Ashenzari
Cheibriados
Elyvilon
Gozag
Hepliaklqana
Kikubaaqudgha
Nemelex Xobeh
Okawaru
Qazlal
Ru
Sif Muna
Trog
Xom
The Shining One
Jiyva

Shops:
D:4 %

Portals:
Trove: D:13 (give 11 potions of heal wounds)

Annotations:
D:10 exclusion: orange crystal statue


Innate Abilities, Weirdness & Mutations

You are resistant to torment.
Your stone body is resilient. (AC +11)
You are immune to poison.
Your large and strong wings let you fly indefinitely.
You resist negative energy. (rN+)
You are resistant to electric shocks. (rElec)
You can survive without breathing.
You are immune to petrification.
You are immune to rotting.


Message History

* * * LOW HITPOINT WARNING * * *
The wolf spider bites you but does no damage.
The black mamba closely misses you.
You hit the guardian serpent.
The guardian serpent is heavily wounded.
The redback bites you!
* * * LOW HITPOINT WARNING * * *
You block the black mamba's attack.
You block the guardian serpent's attack.
The black mamba bites you but does no damage.
The wolf spider hits you but does no damage.
The wolf spider closely misses you.
You hit the guardian serpent.
The guardian serpent is heavily wounded.
You block the black mamba's attack. You block the redback's attack.
The black mamba bites you but does no damage.
The guardian serpent barely misses you. The wolf spider hits you.
* * * LOW HITPOINT WARNING * * *
The wolf spider bites you!
You die...

..........##...##..##...##
.....#.....##... #...## ..
.....###.... ##..##....
.....P.###.. #..##...#
......P. ## #####...(#
......P.. ##......###
..##..... #..P...## .##
.... #sSSP..# .# .P
##@s..## ## ##SP## #?.#
#..# #..# .?. ...# ....


You could see a wolf spider, a guardian serpent, 2 black mambas and a redback.

Vanquished Creatures
  3 vault guards (D:13)
  Fannar (Lair:2)
  5 hydras
  Harold (Lair:3)
  Urug (D:10)
  Sonja (Lair:4)
  A slime creature (D:13)
  4 skeletal warriors (D:13)
  An unseen horror (D:13)
  2 wizards (D:13)
  5 hill giants
  2 necromancers (D:13)
  A deep elf mage (D:9)
  2 ugly things (D:11)
  4 oklob plants (Lair:5)
  A manticore (D:12)
  A centaur zombie (D:12)
  Psyche (D:10)
  4 rime drakes
  5 komodo dragons
  7 spiny frogs
  2 kobold demonologists (D:12)
  A merfolk (Lair:2)
  3 trolls
  3 hornets
  3 two-headed ogres
  5 hippogriffs
  7 dream sheep (Lair:6)
  5 blink frogs (Lair:3)
  2 wraiths
  A redback (Lair:6)
  2 shadows (D:12)
  A spriggan (D:7)
  16 humans (D:13)
  27 yaks
  7 wyverns
  Eustachio (D:5)
  3 basilisks
  Grum (D:11)
  3 steam dragons
  2 hungry ghosts
  Edmund (D:5)
  6 porcupines
  11 water moccasins
  6 orc warriors
  5 ice beasts
  4 phantoms
  3 sky beasts
  An eye of draining (D:13)
  6 ogres
  A necrophage (D:10)
  11 wolves
  5 centaurs
  4 crocodiles
  4 big kobolds
  11 bullfrogs
  A wyvern skeleton (D:10)
  6 scorpions
  17 killer bees
  4 wights (D:12)
  A howler monkey (D:8)
  2 electric eels (D:11)
  A bullfrog zombie (D:12)
  2 crimson imps
  A quasit (D:8)
  5 jellies
  3 centaur skeletons
  7 orc priests
  A bullfrog skeleton (D:5)
  7 hounds
  12 orc wizards
  8 worker ants
  6 iguanas
  Terence (D:2)
  2 hound zombies
  2 hound skeletons
  A worker ant zombie (D:5)
  Robin (D:2)
  4 gnolls
  16 adders
  A river rat (Lair:6)
  3 shadow imps
  2 oozes
  An adder zombie (D:8)
  2 adder skeletons
  3 worms
  A dart slug (D:1)
  A leopard gecko (D:7)
  49 orcs
  5 bats
  11 giant cockroaches
  4 hobgoblins
  3 jackals (D:4)
  3 quokkas
  A ball python (D:8)
  6 frilled lizards
  14 goblins
  27 kobolds
  A quokka zombie (D:8)
  3 rats (D:1)
  2 fungi
481 creatures vanquished.

Vanquished Creatures (collateral kills)
  A human (D:13)
  An orc warrior (D:13)
2 creatures vanquished.

Vanquished Creatures (others)
  2 orcs (D:11)
  3 fungi
  2 plants (Lair:6)
7 creatures vanquished.

Grand Total: 490 creatures vanquished

Notes
Turn   | Place    | Note
-------+----------+-------------------------------------------
     0 | D:1      | JeffiDaFish the Gargoyle Fighter began the quest for the Orb.
     0 | D:1      | Reached XP level 1. HP: 14/14 MP: 1/1
   364 | D:1      | Reached XP level 2. HP: 18/19 MP: 2/2
   705 | D:1      | Found a shimmering altar of Xom.
   707 | D:1      | Found a shattered altar of Ashenzari.
   707 | D:1      | Found a shimmering altar of Xom.
   709 | D:1      | Found a sacrificial altar of Ru.
   709 | D:1      | Found an opulent altar of Gozag.
   709 | D:1      | Found a basalt altar of Yredelemnul.
   837 | D:2      | Reached XP level 3. HP: 24/24 MP: 3/3
   877 | D:2      | Noticed Robin
   933 | D:2      | Killed Robin
  1178 | D:2      | Noticed Terence
  1192 | D:2      | Killed Terence
  1192 | D:2      | Reached skill level 3 in Maces & Flails
  1192 | D:2      | Reached XP level 4. HP: 23/29 MP: 4/4
  1710 | D:3      | Reached XP level 5. HP: 7/33 MP: 5/5
  2247 | D:3      | Reached skill level 4 in Maces & Flails
  2429 | D:4      | Found a staircase to the Ecumenical Temple.
  2438 | Temple   | Entered the Ecumenical Temple
  2536 | Temple   | Became a worshipper of Warmaster Okawaru
  2576 | D:4      | Reached XP level 6. HP: 19/38 MP: 6/6
  2763 | D:4      | Found a stormy altar of Qazlal.
  2766 | D:4      | Found a hazy altar of Hepliaklqana.
  2769 | D:4      | Found a deep blue altar of Sif Muna.
  2824 | D:4      | Found Waplodumn's Food Emporium.
  2891 | D:4      | Found a sacrificial altar of Ru.
  2892 | D:4      | Found a glowing golden altar of the Shining One.
  2954 | D:4      | Noticed a phantom
  2989 | D:4      | Killed a phantom
  2989 | D:4      | Reached skill level 5 in Maces & Flails
  2989 | D:4      | Reached skill level 1 in Dodging
  3200 | D:4      | Reached * piety under Okawaru
  3366 | D:5      | Entered Level 5 of the Dungeon
  3377 | D:5      | Noticed Eustachio
  3408 | D:5      | Reached XP level 7. HP: 30/43 MP: 7/7
  3435 | D:5      | Killed Eustachio
  3496 | D:5      | Noticed Edmund
  3665 | D:5      | Killed Edmund
  3671 | D:5      | Reached skill level 6 in Maces & Flails
  3671 | D:5      | Reached skill level 5 in Shields
  3704 | D:5      | Reached skill level 5 in Armour
  3704 | D:5      | Reached XP level 8. HP: 15/48 MP: 8/8
  3926 | D:5      | Reached ** piety under Okawaru
  4100 | D:5      | Found an opulent altar of Gozag.
  4114 | D:5      | Found a white marble altar of Elyvilon.
  4126 | D:5      | Found a hazy altar of Hepliaklqana.
  4578 | D:6      | Reached skill level 1 in Stealth
  4649 | D:6      | Reached skill level 7 in Maces & Flails
  4708 | D:6      | Reached skill level 5 in Fighting
  5363 | D:7      | Reached XP level 9. HP: 38/54 MP: 9/9
  5369 | D:7      | Reached skill level 8 in Maces & Flails
  6162 | D:7      | Identified a scroll of acquirement
  6318 | D:7      | Reached *** piety under Okawaru
  6563 | D:8      | Noticed a two-headed ogre
  6572 | D:8      | Killed a two-headed ogre
  6572 | D:8      | Reached skill level 9 in Maces & Flails
  6949 | D:8      | Reached XP level 10. HP: 47/60 MP: 10/10
  7541 | D:8      | Reached **** piety under Okawaru
  7815 | D:8      | Gained mutation: Your magical capacity is low. (-10% MP) [potion of mutation]
  7815 | D:8      | Gained mutation: Your mind is acute. (Int +2) [potion of mutation]
  7815 | D:8      | Gained mutation: Your flesh is heat resistant. (rF+) [potion of mutation]
  8270 | D:9      | Reached skill level 10 in Maces & Flails
  8736 | D:9      | Noticed a deep elf mage
  8742 | D:9      | Killed a deep elf mage
  8742 | D:9      | Reached ***** piety under Okawaru
  8965 | D:10     | Entered Level 10 of the Dungeon
  8965 | D:10     | Noticed Psyche
  8979 | D:10     | Killed Psyche
  9264 | D:10     | Reached XP level 11. HP: 54/66 MP: 9/9
  9270 | D:10     | Received a gift from Okawaru
  9330 | D:10     | Reached skill level 11 in Maces & Flails
  9475 | D:10     | Noticed an orange crystal statue
  9596 | D:10     | Found a staircase to the Lair.
  9717 | D:10     | Noticed Urug
  9739 | D:10     | Killed Urug
  9739 | D:10     | Reached skill level 10 in Shields
 10733 | D:11     | Found a staircase to the Orcish Mines.
 10783 | D:11     | Received a gift from Okawaru
 10794 | D:11     | Got a dazzling helmet {god gift}
 10805 | D:11     | Identified the +0 helmet of the Tick {MR+ MP+9} (Okawaru gifted it to you on level 11 of the Dungeon)
 11039 | D:11     | Noticed a hill giant
 11052 | D:11     | Killed a hill giant
 11122 | D:11     | Noticed a hill giant
 11124 | D:11     | Noticed a red ugly thing
 11139 | D:11     | Killed a hill giant
 11342 | D:11     | Killed a red ugly thing
 11342 | D:11     | Reached skill level 12 in Maces & Flails
 11363 | D:11     | Noticed Grum
 11378 | D:11     | Killed Grum
 11514 | D:11     | Reached XP level 12. HP: 70/73 MP: 10/10
 12175 | D:12     | Noticed a soul eater
 12177 | D:12     | Reached skill level 13 in Maces & Flails
 12480 | D:12     | Reached ****** piety under Okawaru
 12491 | D:12     | Received a gift from Okawaru
 12504 | D:12     | Got a brightly glowing cloak {god gift}
 12510 | D:12     | Identified the +2 cloak of Hairiness {rPois} (Okawaru gifted it to you on level 12 of the Dungeon)
 13378 | D:13     | Found a gate to the Vaults.
 13378 | D:13     | Noticed a vault guard
 13378 | D:13     | Noticed a vault guard
 13378 | D:13     | Noticed a vault guard
 13393 | D:13     | Paralysed by a wizard for 4 turns
 13403 | D:13     | Paralysed by a wizard for 2 turns
 13405 | D:13     | HP: 2/76 [vault guard/great mace (11)]
 13485 | D:13     | Killed a vault guard
 13626 | D:13     | Killed a vault guard
 13834 | D:13     | Reached XP level 13. HP: 69/80 MP: 11/11
 13944 | D:13     | Found a portal to a secret trove of treasure.
 14128 | D:13     | Reached skill level 14 in Maces & Flails
 14221 | D:13     | Received a gift from Okawaru
 14224 | D:13     | Got a slimy eveningstar {god gift}
 14225 | D:13     | Identified the +1 eveningstar "Qael" {freeze, +Rage MR+} (Okawaru gifted it to you on level 13 of the Dungeon)
 14474 | D:13     | Killed a vault guard
 14723 | Lair:1   | Entered Level 1 of the Lair of Beasts
 15645 | Lair:2   | Reached skill level 10 in Armour
 15790 | Lair:2   | Noticed Fannar
 15810 | Lair:2   | Killed Fannar
 15810 | Lair:2   | Reached skill level 10 in Fighting
 15946 | Lair:2   | Found a staircase to the Shoals.
 16122 | Lair:3   | Received a gift from Okawaru
 16131 | Lair:3   | Identified a +0 pair of boots of running (Okawaru gifted it to you on level 3 of the Lair of Beasts)
 16181 | Lair:3   | Got a fine morningstar
 16182 | Lair:3   | Identified the cursed +0 morningstar "Viuptufel" {drain, rElec Int+2} (You found it on level 3 of the Lair of Beasts)
 16456 | Lair:3   | Reached skill level 15 in Maces & Flails
 16503 | Lair:3   | Noticed Harold
 16515 | Lair:3   | Killed Harold
 17078 | Lair:4   | Noticed Sonja
 17099 | Lair:4   | Killed Sonja
 17099 | Lair:4   | Gained mutation: Your large and strong wings let you fly indefinitely. [Gargoyle growth]
 17099 | Lair:4   | Reached XP level 14. HP: 70/88 MP: 12/12
 17327 | Lair:4   | Found a hole to the Spider Nest.
 17541 | Lair:4   | Reached skill level 1 in Evocations
 17541 | Lair:4   | Reached XP level 15. HP: 93/93 MP: 12/14
 17885 | Lair:5   | Lost mutation: Your mind is acute. (Int +2) [potion of cure mutation]
 17885 | Lair:5   | Lost mutation: Your magical capacity is low. (-10% MP) [potion of cure mutation]
 17885 | Lair:5   | Lost mutation: Your flesh is heat resistant. (rF+) [potion of cure mutation]
 18045 | Lair:5   | Found a viscous altar of Jiyva.
 18045 | Lair:5   | Found a staircase to the Slime Pits.
 18239 | Lair:5   | HP: 2/93 [acid (5)]
 18890 | Lair:6   | Entered Level 6 of the Lair of Beasts
 19087 | Lair:6   | Received a gift from Okawaru
 19232 | Lair:6   | Slain by a wolf spider

Skill      XL: |  1  2  3  4  5  6  7  8  9 10 11 12 13 14 15 |
---------------+----------------------------------------------+-----
Fighting       | 4 5 6 8 9 10 11 | 11.1
Maces & Flails | 3 4 5 6 7 9 10 12 13 15 | 15.7
Shields        | 4 5 6 7 9 10 12 13 14 | 14.0
Armour         | 4 5 6 7 8 9 10 | 10.8
Dodging        | 1 2 3 4 |  4.2
Stealth        | 1 2 3 |  3.3
Invocations    | 2 |  2.0
Evocations     | 1 |  1.5

Action                   |  1- 3 |  4- 6 |  7- 9 | 10-12 | 13-15 || total
-------------------------+-------+-------+-------+-------+-------++-------
Melee: Flail             |   127 |   200 |   337 |   265 |       ||   929
       Morningstar       |       |       |       |   690 |   636 ||  1326
       Eveningstar       |       |       |       |       |    32 ||    32
  Use: Scroll            |     6 |     5 |     4 |    12 |     8 ||    35
       Potion            |     4 |     3 |     4 |     8 |     5 ||    24
  Eat: Chunk             |     1 |     7 |    12 |    21 |    17 ||    58
       Meat ration       |       |       |       |     1 |       ||     1
       Royal jelly       |       |       |       |       |     1 ||     1
Armor: Scale mail        |    64 |   133 |   112 |       |       ||   309
       Chain mail        |       |       |    43 |       |       ||    43
       Plate armour      |       |       |    88 |   599 |   347 ||  1034
Dodge: Dodged            |    42 |    87 |   140 |   229 |   132 ||   630
Block: Shield            |    63 |   133 |   291 |   640 |   454 ||  1581
